 Dungeon Crawl Stone Soup version 0.17.0-27-g4a3f43e (webtiles) character file.

538 MDvedh the Covert (level 7, -3/32 HPs)
             Began as a Spriggan Enchanter on Nov 21, 2015.
             Was an Initiate of Kikubaaqudgha.
             Killed by divine providence
             ... invoked by an orc priest
              (15 damage)
             ... on level 4 of the Dungeon.
             The game lasted 00:08:54 (3957 turns).

MDvedh the Covert (Spriggan Enchanter)              Turns: 3957, Time: 00:08:54

Health: -3/32      AC:  7    Str:  4    XL:     7   Next: 5%
Magic:  1/12       EV: 19    Int: 17    God:    Kikubaaqudgha [......]
Gold:   159        SH:  0    Dex: 21    Spells: 3 memorised, 6 levels left

rFire  . . .     SeeInvis +     v - +3 dagger (holy)
rCold  . . .     Clarity  .     b - +1 robe
rNeg   . . .     SustAt   .     (shield restricted)
rPois  .         Gourm    .     (helmet restricted)
rElec  .         Spirit   .     s - +0 cloak
rCorr  +         Warding  .     (gloves unavailable)
rMut   .         Stasis   .     (boots unavailable)
MR     +....                    m - amulet of resist corrosion
Stlth  +++++.....               w - +3 ring of dexterity
                                f - +3 ring of protection

@: very quick, somewhat resistant to hostile enchantments, quite stealthy
A: unfitting armour, see invisible, herbivore 3, speed 3, slow metabolism 2
a: Renounce Religion


You were on level 4 of the Dungeon.
You worshipped Kikubaaqudgha.
Kikubaaqudgha was noncommittal.
You were full.

You visited 1 branch of the dungeon, and saw 4 of its levels.

You collected 159 gold pieces.

Inventory:

Hand Weapons
 v - a +3 dagger of holy wrath (weapon)
Armour
 b - a +1 robe (worn)
 p - a +0 buckler
 s - a +0 cloak (worn)
Jewellery
 a - a +5 ring of strength
 f - a +3 ring of protection (left hand)
 m - an amulet of resist corrosion (around neck)
 w - a +3 ring of dexterity (right hand)
Scrolls
 i - a scroll of noise {unknown}
 j - 3 scrolls of amnesia
 o - 2 scrolls of teleportation
 r - a scroll of remove curse
 t - 3 scrolls of blinking
 x - 4 scrolls of identify {unknown}
Potions
 e - a potion of brilliance {unknown}
 g - a potion of ambrosia {unknown}
 h - 2 potions of agility {unknown}
 k - 2 potions of curing {unknown}
 l - 2 potions of heal wounds {unknown}
 n - a potion of resistance {unknown}
 q - a potion of haste {unknown}
 u - a potion of beneficial mutation {unknown}
Books
 c - a book of Maledictions

   Spells                             Type                      Level
   a - Corona                         Hexes                        1
   b - Ensorcelled Hibernation        Hexes/Ice                    2
   c - Confuse                        Hexes                        3
   d - Tukima's Dance                 Hexes                        3
   e - Dazzling Spray                 Conjuration/Hexes            3


   Skills:
 + Level 4.1 Short Blades
 - Level 3.1 Dodging
 + Level 8.0 Stealth
 + Level 3.3 Spellcasting
 + Level 6.4 Hexes


You had 6 spell levels left.
You knew the following spells:

 Your Spells              Type           Power        Failure   Level  Hunger
a - Ensorcelled Hibernat  Hex/Ice        ##....       10%         2    ##.....
b - Corona                Hex            ###....      1%          1    None
c - Confuse               Hex            ###.....     4%          3    ###....


Dungeon Overview and Level Annotations

Branches:
Dungeon (4/15)
 Temple: D:4-7

Altars:
Fedhas
Kikubaaqudgha
Makhleb
Xom


Innate Abilities, Weirdness & Mutations

You are tiny and cannot use many weapons and most armour.
You have supernaturally acute eyesight.
You are a herbivore.
You cover ground extremely quickly.
You need consume almost no food.


Message History

Aiming: Ensorcelled Hibernation
Press: ? - help, Shift-Dir - straight line, f/p - orc priest
Aim: an orc priest, wielding a mace (heavily wounded, chance to defeat MR: 44%)
The orc priest is unaffected.
Casting: Ensorcelled Hibernation
Confirm with . or Enter, or press ? or * to list all spells.
Aiming: Ensorcelled Hibernation
Press: ? - help, Shift-Dir - straight line, f/p - orc priest
Aim: an orc priest, wielding a mace (heavily wounded, chance to defeat MR: 44%)
The orc priest is unaffected.
The orc priest misses you.
Casting: Ensorcelled Hibernation
Confirm with . or Enter, or press ? or * to list all spells.
Aiming: Ensorcelled Hibernation
Press: ? - help, Shift-Dir - straight line, f/p - orc priest
Aim: an orc priest, wielding a mace (heavily wounded, chance to defeat MR: 44%)
The orc priest is unaffected.
The orc priest barely misses you.
The orc priest mumbles some strange prayers to Beogh against you.
Something smites you!
You die...
Kikubaaqudgha rasps: "You have failed me!
Welcome... death!"

........# .....................
.......# #....................
##.....## #....................
........####....................
#.....##......................
##+#.....##.#......[.............
.....(..รท...#...........####.....
.........##...o.........# #.....
......o..##.....@.<..#######.....
oW......#####....###......###.##.
....##### ##...#.#......# #. #.
.... ####................ #. ....
#...............#### ## ....
#...............# ..
#..........###### #..........#
............# #####


You could see an orc priest.

Vanquished Creatures
  A phantom (D:3)
  A hound (D:4)
  2 orc priests
  2 orc wizards (D:3)
  Jessica (D:3)
  2 iguanas
  A worker ant (D:4)
  7 adders
  3 gnolls (D:3)
  An ooze (D:1)
  An adder skeleton (D:4)
  3 worms
  5 giant geckos
  10 orcs
  2 ball pythons
  3 bats
  2 giant cockroaches (D:1)
  9 hobgoblins
  8 jackals
  11 kobolds
  A quokka (D:2)
  3 giant newts
  9 goblins
  10 rats
98 creatures vanquished.

Notes
Turn   | Place    | Note
--------------------------------------------------------------
     0 | D:1      | MDvedh the Spriggan Enchanter began the quest for the Orb.
     0 | D:1      | Reached XP level 1. HP: 9/9 MP: 5/5
   207 | D:1      | Reached XP level 2. HP: 13/13 MP: 6/6
   211 | D:1      | Learned a level 2 spell: Ensorcelled Hibernation
   513 | D:1      | Reached skill level 5 in Stealth
   646 | D:1      | Reached XP level 3. HP: 16/16 MP: 8/8
  1501 | D:2      | Found a blossoming altar of Fedhas.
  1710 | D:2      | Reached XP level 4. HP: 14/21 MP: 6/9
  2180 | D:3      | Reached skill level 6 in Stealth
  2255 | D:3      | Reached skill level 5 in Hexes
  2255 | D:3      | Reached XP level 5. HP: 20/24 MP: 3/10
  2306 | D:3      | Found an ancient bone altar of Kikubaaqudgha.
  2599 | D:3      | Noticed Jessica
  2606 | D:3      | Killed Jessica
  2606 | D:3      | Reached skill level 7 in Stealth
  2713 | D:3      | Learned a level 3 spell: Confuse
  2723 | D:3      | Reached XP level 6. HP: 22/28 MP: 11/11
  3097 | D:3      | Found a shimmering altar of Xom.
  3097 | D:3      | Found a burning altar of Makhleb.
  3306 | D:3      | Became a worshipper of Kikubaaqudgha
  3797 | D:3      | Reached skill level 8 in Stealth
  3797 | D:3      | Reached XP level 7. HP: 17/32 MP: 0/12
  3957 | D:4      | Killed from afar by an orc priest

Action                   |  1- 3 |  4- 6 |  7- 9 || total
-------------------------+-------+-------+-------++-------
Melee: Dagger            |   115 |   149 |     5 ||   269
 Cast: Ensorcelled Hiber |    13 |    44 |     6 ||    63
       Confuse           |       |     2 |       ||     2
  Use: Scroll            |     3 |     4 |       ||     7
       Potion            |     1 |       |       ||     1
 Stab: Sleeping          |    14 |    32 |       ||    46
       Confused          |       |     1 |       ||     1
  Eat: Pizza             |       |     2 |       ||     2
       Bread ration      |       |       |     1 ||     1
